Merlek, lawful male human Hoplite ------- --<....-- |%%%....| | +...@q... ....... |.......| | --.....-- ------- Merlek the Hoplite Experience level: 4 Strength: 18/03 Dexterity: 11 Constitution: 18 Intelligence: 9 Wisdom: 9 Charisma: 9 Health: 0(44) Energy: 9(9) Def: 6 Gold: 107 Moves: 1655 Dungeon seed [set]: Game ID: Merlek_1695579481 Your Inventory: Coins $ - 107 gold pieces Weapons a - a blessed +3 spear (weapon in hand) b - an uncursed +0 dagger l - a cursed +0 orcish dagger m - an uncursed +0 dwarvish mattock p - an uncursed +0 orcish dagger Armor e - an uncursed +2 small shield (being worn) n - an uncursed +0 leather armor (being worn) y - an uncursed +0 cloak of magic resistance (being worn) Comestibles z - an uncursed lichen corpse Wands c - an uncursed wand of cold (0:4) r - an uncursed wand of enlightenment (0:13) Tools f - an uncursed oil lamp (0:1061) g - an uncursed can of grease (0:1) k - an uncursed iron key I - an uncursed bag of holding Gems q - 9 uncursed rocks Contents of the bag of holding: an uncursed tripe ration an uncursed scroll of confuse monster a [uncursed] scroll of scare monster an uncursed scroll of teleportation an uncursed ring of regeneration Spells and supernatural/magical abilities: Name Level Category Fail Memory W - pray for help -- divine ? -- Your skills at the end: Miscellaneous Skills shield [Basic] wands [Basic] Weapon Skills dagger [Basic] spear [Basic] Spellcasting Skills Final Attributes: You were fervently aligned. You were cold resistant. You were magic-protected. You were somewhat stealthy. You are dead. Vanquished creatures: a fog cloud a homunculus an iguana 3 rothes a gas spore a gecko a hobgoblin 4 giant rats 3 jackals a fox 3 newts 2 goblins a sewer rat 2 grid bugs 5 lichens a kobold zombie 31 creatures vanquished. Voluntary challenges: You did not cause conflict. You were not invisible. You did not have reflection. You were not displaced. You did not donate to any temples.. You used a wielded weapon 33 times, starting on turn 12. You did not apply a unicorn horn. You did not use plumbed fixtures. You did not drink any magical draughts. You were illiterate. You never genocided any monsters. You never polymorphed an object. You never changed form. You used no wishes. You did not use any artifacts. You never split a pudding. You never wrote Elbereth's name. You never violated your personal moral code. Dungeon overview: The Dungeons of Doom: levels 1 to 5 Level 1 a fountain a long staircase Level 2 an altar to Odin Level 3 a general store Level 4 a fountain Level 5 <- You were here a vault History has recorded: On T:1 you entered the Dungeons of Doom to retrieve the Amulet of Yendor! On T:500 you reached level 2 of The Dungeons of Doom. On T:586 you advanced to experience level 2. On T:611 you reached level 3 of The Dungeons of Doom. On T:998 you advanced to experience level 3. On T:1310 you reached level 4 of The Dungeons of Doom. On T:1487 you advanced to experience level 4. On T:1646 you reached level 5 of The Dungeons of Doom. Score breakdown: Gold: 107 ( 10 points) Experience: 4 levels ( 300 points) Exploration: 5 levels ( 120 points) Discoveries: 8 items ( 400 points) Variety of kills: 16 monsters ( 800 points) Major goal: (nothing yet) ( 0 points) Survival: died (score multiplied by 3) Total score: 4890 Latest messages: You jab the rothe! The rothe claws you! The rothe misses. The rothe bites! You kill the rothe! (2x) The fox bites! A fox blocks your way. You kill the fox! The rothe claws you! The rothe misses. The rothe bites! You jab the rothe! The rothe claws you! The rothe just misses! The rothe misses. You kill the rothe! You hear the footsteps of a guard on patrol. There are a few objects here. The rothe claws you! The rothe just misses! The rothe bites! You jab the rothe! The rothe claws you! The rothe bites! (2x) You die... Final status: Goodbye Merlek the Hoplite, killed by a rothe... You died in The Dungeons of Doom on dungeon level 5 with 4890 points, and 107 pieces of gold, after 1655 moves. You were level 4 with a maximum of 44 hit points when you died.